 Dungeon Crawl Stone Soup version 0.17.1-1-g73c8601 (console) character file.

604 Kloppie the Slasher (level 7, 0/99 HPs)
             Began as a Minotaur Berserker on Dec 18, 2015.
             Was a Priest of Trog.
             Slain by Duvessa
             ... wielding a +0 short sword
              (4 damage)
             ... on level 6 of the Dungeon.
             The game lasted 00:04:35 (4226 turns).

Kloppie the Slasher (Minotaur Berserker)            Turns: 4226, Time: 00:04:36

Health: 0/99       AC: 10    Str: 29    XL:     7   Next: 18%
Magic:  6/6        EV: 10    Int:  4    God:    Trog [***...]
Gold:   323        SH:  0    Dex:  9    Spells: 0 memorised, 6 levels left

rFire  . . .     SeeInvis +     a - +0 falchion
rCold  . . .     Clarity  .     D - +0 scale mail
rNeg   . . .     SustAt   .     (no shield)
rPois  .         Gourm    +     (helmet restricted)
rElec  .         Spirit   .     (no cloak)
rCorr  .         Warding  .     (no gloves)
rMut   .         Stasis   .     (no boots)
MR     .....                    i - amulet of the gourmand
Stlth  ..........               j - +4 ring of protection
                                s - ring of see invisible

@: berserking, very quick, not resistant to hostile enchantments, extremely
unstealthy
A: retaliatory headbutt, horns 2
a: Berserk, Trog's Hand, Burn Spellbooks, Renounce Religion


You were on level 6 of the Dungeon.
You worshipped Trog.
Trog was most pleased with you.
You were not hungry.

You visited 1 branch of the dungeon, and saw 5 of its levels.

You collected 323 gold pieces.

Inventory:

Hand Weapons
 a - a +0 falchion (weapon)
Armour
 D - a +0 scale mail (worn)
Jewellery
 i - an amulet of the gourmand (around neck)
 j - a +4 ring of protection (right hand)
 s - a ring of see invisible (left hand)
Wands
 b - a wand of cold (9)
 o - a wand of frost (25)
Scrolls
 d - 12 scrolls of identify {unknown}
 e - a scroll of magic mapping {unknown}
 g - 5 scrolls of recharging {unknown}
 k - 3 scrolls of immolation {unknown}
 l - a scroll of fog {unknown}
 m - 2 scrolls of enchant armour {unknown}
 n - a scroll of remove curse {unknown}
 v - 4 scrolls of amnesia {unknown}
 x - a scroll of random uselessness {unknown}
 y - a scroll of noise {unknown}
Potions
 f - 2 potions of curing {unknown}
 h - a potion of brilliance {unknown}
 q - a potion of cancellation {unknown}
 r - a potion of heal wounds {unknown}
 u - a potion of degeneration {unknown}
 w - a potion of agility {unknown}
 z - a potion of berserk rage {unknown}
 A - a potion of poison {unknown}
 C - a potion of resistance {unknown}
Comestibles
 c - 5 bread rations
 p - 2 meat rations
 t - a slice of pizza
 E - a royal jelly


   Skills:
 + Level 7.4 Fighting
 + Level 7.6 Long Blades
 - Level 2.4 Armour
 - Level 2.1 Dodging


You had 6 spell levels left.
You didn't know any spells.

Dungeon Overview and Level Annotations

Branches:
Dungeon (6/15)             Temple (0/1) D:4

Altars:
Kikubaaqudgha
Nemelex Xobeh
Okawaru
Ru
Sif Muna

Annotations:
D:6 Duvessa


Innate Abilities, Weirdness & Mutations

You reflexively headbutt those who attack you in melee.
You have a pair of horns on your head.


Message History

* * * LOW HITPOINT WARNING * * *
You hit Duvessa. Your headbutt misses Duvessa.
Duvessa is moderately wounded.
Duvessa hits you but does no damage. Duvessa hits you with a short sword.
* * * LOW HITPOINT WARNING * * *
You hit Duvessa. Your headbutt misses Duvessa.
Duvessa is moderately wounded.
Duvessa hits you but does no damage.
A red film seems to cover your vision as you go berserk!
You feel yourself moving faster!
You feel mighty!
You feel somewhat more hungry. Duvessa hits you with a short sword.
* * * LOW HITPOINT WARNING * * *
You hit Duvessa.
Duvessa is heavily wounded.
Duvessa hits you with a short sword!
* * * LOW HITPOINT WARNING * * *
You barely miss Duvessa. You headbutt Duvessa!
Duvessa is severely wounded.
Duvessa hits you with a short sword.
You die...

# #.# #. #......#... # .#
########.......... ####.## ##
.#............##.# ......#### #.
...##.........#### #....... ..#
..#.%...##......# #>....### ...
.#.)...##......# =.......# #..
..! #.#.......# ........#
#...#e###.#.......# ........#
#)@#...(.......# ........#####
#...$#...##.####
#.....#.........######.##....<.#
#.......#...#### #..........#
........# ####.......# ####.##.#
.......## #.# ... ..###### #.#
### #.# ..# #.#


You could see Duvessa (berserk).

Vanquished Creatures
  An ogre (D:4)
  The ghost of antares the Magician, an amateur DEWz of Sif Muna (D:3)
  A scorpion (D:4)
  Dowan (D:6)
  A crimson imp (D:6)
  A centaur zombie (D:6)
  3 worker ants
  12 gnolls
  2 adders
  An ooze (D:2)
  A worm (D:4)
  A giant gecko (D:4)
  6 orcs
  4 ball pythons
  7 bats
  3 hobgoblins
  4 jackals (D:4)
  7 giant cockroaches
  A giant gecko skeleton (D:4)
  5 giant newts
  4 goblins
  6 kobolds
  8 rats
81 creatures vanquished.

Notes
Turn   | Place    | Note
--------------------------------------------------------------
     0 | D:1      | Kloppie the Minotaur Berserker began the quest for the Orb.
     0 | D:1      | Reached XP level 1. HP: 19/19 MP: 0/0
   448 | D:1      | Reached skill level 4 in Long Blades
   567 | D:1      | Reached XP level 2. HP: 25/27 MP: 1/1
  1088 | D:2      | Reached XP level 3. HP: 34/34 MP: 2/2
  1093 | D:2      | Found a sacrificial altar of Ru.
  1133 | D:2      | Reached ** piety under Trog
  1266 | D:2      | Reached skill level 5 in Long Blades
  1266 | D:2      | Reached XP level 4. HP: 21/41 MP: 3/3
  1507 | D:2      | Reached skill level 5 in Fighting
  1602 | D:2      | Found an iron altar of Okawaru.
  1721 | D:2      | Found an ancient bone altar of Kikubaaqudgha.
  2008 | D:2      | Found a sparkling altar of Nemelex Xobeh.
  2071 | D:3      | Reached XP level 5. HP: 29/48 MP: 4/4
  2719 | D:3      | Found a deep blue altar of Sif Muna.
  2719 | D:3      | Noticed antares's ghost (amateur DEWz)
  2733 | D:3      | Killed antares's ghost
  2733 | D:3      | Reached skill level 6 in Fighting
  3292 | D:4      | Reached XP level 6. HP: 43/57 MP: 5/5
  3309 | D:4      | Reached *** piety under Trog
  3458 | D:4      | Noticed an ogre
  3466 | D:4      | Killed an ogre
  3470 | D:4      | Reached skill level 7 in Long Blades
  3826 | D:4      | Found a staircase to the Ecumenical Temple.
  4052 | D:4      | You fall through a shaft for 2 floors!
  4131 | D:6      | Reached XP level 7. HP: 66/66 MP: 6/6
  4203 | D:6      | Noticed Duvessa
  4204 | D:6      | Noticed Dowan
  4220 | D:6      | Killed Dowan
  4225 | D:6      | HP: 4/99 [Duvessa/short sword (12)]
  4226 | D:6      | Slain by Duvessa

Action                   |  1- 3 |  4- 6 |  7- 9 || total
-------------------------+-------+-------+-------++-------
Melee: Falchion          |    55 |   132 |    28 ||   215
Invok: Berserk           |     1 |     2 |     1 ||     4
       Trog's Hand       |       |     1 |       ||     1
  Eat: Chunk             |     2 |    11 |     3 ||    16
